 Dungeon Crawl Stone Soup version 0.30-a0-953-g5f1da4a474 (webtiles) character file.

Game seed: 12692475601962877364

35107 Dirtsage the Severer (level 13, 0/99 HPs)
             Began as a Demonspawn Fighter on Mar 28, 2023.
             Was a High Priest of Makhleb.
             Slain by a 15-headed hydra (5 damage)
             ... on level 5 of the Lair of Beasts.
             The game lasted 00:20:09 (13206 turns).

Dirtsage the Severer (Demonspawn Fighter)          Turns: 13206, Time: 00:20:09

Health: 0/99       AC: 26    Str: 21    XL:     13   Next: 45%
Magic:  0/20       EV:  9    Int: 10    God:    Makhleb [*****.]
Gold:   887        SH: 11    Dex: 13    Spells: 12/12 levels left

rFire   + . .      SeeInvis .    z - +0 war axe (heavy)
rCold   . . .      Faith    .    c - +0 buckler
rNeg    . . .      Spirit   +    w - +3 plate armour
rPois   .          Reflect  +    I - +2 hat {Will+}
rElec   .          Rampage  ∞    k - +1 cloak {rCorr}
rCorr   +                        v - +0 pair of gloves
Will    +....                    R - +3 pair of seven-league boots {Rampage+∞} Stlth
                                 D - amulet of reflection
HPRegen 0.36/turn                F - ring of protection from fire
MPRegen 0.34/turn                G - +4 ring of slaying

@: no status effects
A: repulsion field 2, spiny 2, magic shield, magic regeneration, demonic touch 2
a: Renounce Religion, Minor Destruction, Lesser Servant of Makhleb, Major
Destruction, Greater Servant of Makhleb


You were on level 5 of the Lair of Beasts.
You worshipped Makhleb.
Makhleb was extremely pleased with you.
You visited 3 branches of the dungeon, and saw 16 of its levels.

You collected 1003 gold pieces.
You spent 116 gold pieces at shops.

Inventory:

Hand Weapons
 z - a +0 heavy war axe (weapon)
 O - a +4 flail
 U - a +0 broad axe
Missiles
 f - 9 curare-tipped darts (quivered)
 y - a throwing net
Armour
 c - a +0 buckler (worn)
 k - a +1 cloak of preservation (worn)
 v - a +0 pair of gloves (worn)
 w - a +3 plate armour (worn)
 I - a +2 hat of willpower (worn)
 R - the +3 pair of seven-league boots (worn) {Rampage+∞}
   (You found it on level 1 of the Lair of Beasts)

   Rampage+∞: When moving toward enemies, its wearer moves as far as possible.
Jewellery
 a - a +6 ring of strength
 C - a ring of resist corrosion
 D - an amulet of reflection (around neck)
 F - a ring of protection from fire (left hand)
 G - a +4 ring of slaying (right hand)
 W - a ring of wizardry
Wands
 l - a wand of flame (29)
 r - a wand of mindburst (17)
 x - a wand of polymorph (10)
 E - a wand of charming (4)
 Y - a wand of iceblast (6)
Scrolls
 b - 4 scrolls of immolation
 e - 2 scrolls of butterflies
 g - 10 scrolls of fear
 i - a scroll of identify
 m - 2 scrolls of torment
 n - 6 scrolls of noise
 o - a scroll of enchant weapon
 p - 4 scrolls of magic mapping
 t - 2 scrolls of teleportation
 B - 4 scrolls of blinking
 H - a scroll of fog
 K - a scroll of amnesia
 L - a scroll of vulnerability
 N - 4 scrolls of poison
Potions
 d - 3 potions of might
 h - a potion of haste
 j - 3 potions of flight {unknown}
 q - 5 potions of curing
 s - 3 potions of brilliance
 A - a potion of cancellation {unknown}
 P - a potion of mutation
 Q - a potion of heal wounds {unknown}
 T - a potion of ambrosia {unknown}
 X - 2 potions of degeneration {unknown}
 Z - a potion of lignification {unknown}
Miscellaneous
 V - a box of beasts


   Skills:
 + Level 8.5 Fighting
 - Level 16.0 Axes
 + Level 7.8 Armour
 + Level 7.7 Shields
 + Level 10.2 Invocations


You had 12 spell levels left.
You didn't know any spells.
Your spell library contained the following spells:

 Spells                   Type           Power      Damage    Failure   Level
 Slow                     Hex            0%         N/A       100%        1
 Sting                    Tmut/Pois      0%         1d3       100%        1
 Summon Small Mammal      Summ           0%         N/A       100%        1
 Blink                    Tloc           0%         N/A       100%        2
 Cigotuvi's Dreadful Rot  Necr/Pois/Air  0%         N/A       100%        2
 Lesser Beckoning         Tloc           0%         N/A       100%        2
 Poisonous Vapours        Pois/Air       0%         N/A       100%        2
 Call Canine Familiar     Summ           0%         N/A       100%        3
 Confusing Touch          Hex            0%         N/A       100%        3
 Dazzling Flash           Conj/Hex       0%         N/A       100%        3
 Gell's Gravitas          Tloc           0%         N/A       100%        3
 Mephitic Cloud           Conj/Pois/Air  0%         N/A       100%        3
 Portal Projectile        Hex/Tloc       0%         N/A       100%        3
 Summon Guardian Golem    Hex/Summ       0%         N/A       100%        3
 Teleport Other           Tloc           0%         N/A       100%        3
 Tukima's Dance           Hex            0%         N/A       100%        3
 Vampiric Draining        Necr           0%         2d6       100%        3
 Animate Dead             Necr           0%         N/A       100%        4
 Dispel Undead            Necr           0%         3d6       100%        4
 Leda's Liquefaction      Hex/Erth       0%         N/A       100%        4
 Manifold Assault         Tloc           0%         N/A       100%        4
 Olgreb's Toxic Radiance  Pois           0%         N/A       100%        4
 Summon Lightning Spire   Summ/Air       0%         N/A       100%        4
 Agony                    Necr           0%         N/A       100%        5
 Blade Hands              Tmut           0%         N/A       100%        5
 Borgnjor's Vile Clutch   Necr/Erth      0%         N/A       100%        5
 Fireball                 Conj/Fire      0%         3d3       100%        5
 Iskenderun's Battlesphe  Conj           0%         2d6       100%        5
 Silence                  Hex/Air        0%         N/A       100%        5
 Conjure Ball Lightning   Conj/Air       0%         3x3d6     100%        6
 Death Channel            Necr           0%         N/A       100%        6
 Dispersal                Tloc           0%         N/A       100%        6
 Orb of Destruction       Conj           0%         9d5       100%        7
 Storm Form               Tmut/Air       0%         N/A       100%        7
 Disjunction              Tloc           0%         N/A       100%        8
 Maxwell's Capacitive Co  Air            0%         ∞         100%        8


Dungeon Overview and Level Annotations

Branches:
Dungeon (10/15)            Temple (1/1) D:5            Lair (5/5) D:9
  Swamp (0/4) Lair:2        Snake (0/4) Lair:2        Slime (0/5) Lair:4
    Orc: D:9-12

Altars:
Ashenzari
Cheibriados
Fedhas
Gozag
Hepliaklqana
Kikubaaqudgha
Makhleb
Nemelex Xobeh
Okawaru
Qazlal
Ru
Sif Muna
Trog
Uskayaw
Vehumet
Xom
Yredelemnul

Shops:
D:6 *   D:7 [*([(

Annotations:
Lair:2 2 transporters, bmj180's ghost, journeyman GrEE
Lair:4 1 runed translucent door


Innate Abilities, Weirdness & Mutations

You are surrounded by a moderate repulsion field. (EV +3)
You are mostly covered in sharp spines.
When hurt, damage is shared between your health and your magic reserves.
You regenerate magic rapidly.
Your touch may inflict irresistible damage on your foes.


Message History

The 14-headed hydra bites you! You block the 14-headed hydra's attack.
The 14-headed hydra closely misses you. The 14-headed hydra bites you!
The 14-headed hydra bites you but does no damage.
The 14-headed hydra bites you.
The 14-headed hydra bites you but does no damage.
The 14-headed hydra bites you. The 14-headed hydra bites you!
* * * LOW HITPOINT WARNING * * *
The 14-headed hydra closely misses you. You block the 14-headed hydra's attack.
The 14-headed hydra bites you but does no damage.
You take 31 damage, and have 25/99 hp.
MASSIVE DAMAGE!!
You now have 7/20 mp.
You barely miss the 14-headed hydra.
The 14-headed hydra is heavily wounded.
The 14-headed hydra is struck by your spines.
The 14-headed hydra bites you but does no damage.
You block the 14-headed hydra's attack.
The 14-headed hydra bites you but does no damage.
The 14-headed hydra bites you!
* * * LOW HITPOINT WARNING * * *
The 14-headed hydra barely misses you.
The 14-headed hydra bites you but does no damage.
You block the 14-headed hydra's attack. The 14-headed hydra barely misses you.
The 14-headed hydra closely misses you.
The 14-headed hydra bites you but does no damage.
The 14-headed hydra bites you!
* * * LOW HITPOINT WARNING * * *
The 14-headed hydra completely misses you.
You block the 14-headed hydra's attack.
The 14-headed hydra bites you but does no damage.
You take 15 damage, and have 10/99 hp.
You now have 3/20 mp.
You lop one of the 14-headed hydra's heads off!
The 13-headed hydra grows two more!
You slice the 15-headed hydra!!
The 15-headed hydra is severely wounded.
The 15-headed hydra is struck by your spines.
The 15-headed hydra bites you but does no damage. x2
The 15-headed hydra barely misses you. You block the 15-headed hydra's attack.
The 15-headed hydra bites you but does no damage.
The 15-headed hydra bites you!
* * * LOW HITPOINT WARNING * * *
You block the 15-headed hydra's attack. The 15-headed hydra bites you.
You die...

.....## ###.#...#.#..#### #.
.. ....## ##............##.##.
... .††##
##.............#....#.. ..†.#
#....#.#....#.##..... .†.†##
#÷÷##.#.##.#####...#
.##.)####..######### #.<.###
##....#.÷÷÷#...#.##### #....P#
......÷#........#....###.....#
###....#.#...÷..@D....#P....##
##[...#.##.#.#.#....÷#.......#
###..#.##########...#........#
# ###### ####.....##..#
#.....##..# #...P..##..#
#...P...###.# #....^...[ ...
#.........#....


You could see a 15-headed hydra.

Vanquished Creatures
  3 hydras
  An anaconda (Lair:5)
  2 boulder beetles (Lair:1)
  Sonja (D:10)
  An oklob plant (Lair:1)
  8 elephants (Lair:4)
  Joseph (D:7)
  7 black mambas
  A guardian serpent (Lair:1)
  Maggie (D:8)
  4 cane toads
  2 komodo dragons
  A troll (D:9)
  10 polar bears
  Grinder (D:4)
  8 blink frogs
  A dream sheep (Lair:5)
  3 raiju (Lair:5)
  A wraith (D:9)
  Eustachio (D:5)
  10 wyverns
  A vampire (D:10)
  2 basilisks
  4 steam dragons
  23 yaks
  9 vampire mosquitoes
  4 wargs (Lair:5)
  2 nagas (Lair:2)
  14 hell hounds (Lair:5)
  16 water moccasins
  2 ice beasts
  14 black bears
  2 orc warriors
  A sky beast (D:7)
  An ogre (D:5)
  2 centaurs
  22 wolves
  4 phantoms
  A kobold brigand (D:7)
  19 bullfrogs
  15 wights
  3 scorpions
  6 killer bees (D:10)
  An electric eel (Lair:2)
  2 howler monkeys (D:8)
  A lava snake (D:10)
  2 hounds
  An orc priest (D:10)
  Crazy Yiuf (D:2)
  4 iguanas
  2 gnoll boudas
  Ijyb (D:3)
  Natasha (D:4)
  Terence (D:3)
  7 orc wizards
  11 gnolls
  7 adders
  A shadow imp (D:6)
  A worm (D:3)
  A dart slug (D:4)
  24 orcs
  6 ball pythons
  5 bats
  8 endoplasms
  7 giant cockroaches
  5 goblins
  6 hobgoblins
  4 jackals (D:4)
  2 quokkas
  3 frilled lizards
  13 kobolds
  4 rats
367 creatures vanquished.

Vanquished Creatures (others)
  23 fungi
  61 plants
84 creatures vanquished.

Grand Total: 451 creatures vanquished

Notes
Turn   | Place    | Note
-------+----------+-------------------------------------------
     0 | D:1      | Dirtsage the Demonspawn Fighter began the quest for the
                  | Orb.
     0 | D:1      | Reached XP level 1. HP: 18/18 MP: 1/1
    22 | D:1      | Reached skill level 2 in Axes
   183 | D:1      | Gained mutation: Your touch may inflict minor irresistible
                  | damage on your foes. [demonic ancestry]
   183 | D:1      | Reached XP level 2. HP: 20/24 MP: 2/2
   383 | D:1      | Found a faded altar of an unknown god.
   563 | D:2      | Reached skill level 3 in Axes
   616 | D:2      | Gained mutation: You are partially covered in sharp spines.
                  | [demonic ancestry]
   616 | D:2      | Reached XP level 3. HP: 12/29 MP: 3/3
   775 | D:2      | Reached XP level 4. HP: 32/35 MP: 4/4
   819 | D:2      | Reached skill level 4 in Axes
  1380 | D:2      | Found a runed translucent door.
  1381 | D:2      | Noticed Crazy Yiuf
  1387 | D:2      | Killed Crazy Yiuf
  1532 | D:3      | Gained mutation: You are mostly covered in sharp spines.
                  | [demonic ancestry]
  1532 | D:3      | Reached XP level 5. HP: 41/41 MP: 5/5
  1536 | D:3      | Reached skill level 5 in Axes
  1664 | D:3      | Identified the +5 dagger "Edikuci" {heavy, rC+ rN+}
  1879 | D:3      | Noticed Terence
  1885 | D:3      | Killed Terence
  1893 | D:3      | Noticed Ijyb
  1903 | D:3      | Killed Ijyb
  2127 | D:4      | Noticed Grinder
  2292 | D:4      | Killed Grinder
  2293 | D:4      | Reached skill level 6 in Axes
  2293 | D:4      | Gained mutation: You are surrounded by a mild repulsion
                  | field. (EV +2) [demonic ancestry]
  2293 | D:4      | Reached XP level 6. HP: 40/47 MP: 6/6
  2546 | D:4      | Reached skill level 7 in Axes
  2602 | D:4      | Noticed Natasha
  2607 | D:4      | Killed Natasha
  2608 | D:4      | Gained mutation: You regenerate magic rapidly. [demonic
                  | ancestry]
  2608 | D:4      | Reached XP level 7. HP: 50/52 MP: 7/7
  2764 | D:4      | Found a bloodstained altar of Trog.
  2812 | D:5      | Entered Level 5 of the Dungeon
  2812 | D:5      | Noticed Eustachio
  2823 | D:5      | Killed Eustachio
  2894 | D:5      | Reached skill level 8 in Axes
  2942 | D:5      | You fall into a shaft and drop 2 floors!
  2946 | D:7      | Found Qogi's Antique Weapon Shop.
  3111 | D:7      | Found Neixuike's Assorted Antiques.
  3147 | D:7      | Found a sparkling altar of Nemelex Xobeh.
  3198 | D:6      | Reached XP level 8. HP: 32/58 MP: 8/8
  3317 | D:6      | Found Bidifil's Elemental Accessories.
  3376 | D:5      | Found a snail-covered altar of Cheibriados.
  3432 | D:5      | Reached skill level 9 in Axes
  3500 | D:5      | Found a staircase to the Ecumenical Temple.
  3618 | Temple   | Entered the Ecumenical Temple
  3640 | Temple   | Became a worshipper of Makhleb the Destroyer
  4084 | D:5      | Reached skill level 10 in Axes
  4474 | D:6      | Reached skill level 11 in Axes
  4474 | D:6      | Reached XP level 9. HP: 49/63 MP: 9/9
  4810 | D:7      | Noticed Joseph
  4820 | D:7      | Killed Joseph
  5138 | D:7      | Found Zoppu's Weapon Emporium.
  5185 | D:7      | Bought a +0 heavy war axe for 116 gold pieces
  5282 | D:7      | Found Denib's Antique Armour Emporium.
  5294 | D:7      | Reached skill level 12 in Axes
  5568 | D:7      | Found an ancient bone altar of Kikubaaqudgha.
  5588 | D:7      | Found Hoty's Antique Armour Emporium.
  5629 | D:7      | Identified the +2 short sword of Capital Punishment {flame,
                  | rPois Int+4}
  5801 | D:8      | Reached * piety under Makhleb
  6003 | D:8      | Reached skill level 13 in Axes
  6206 | D:8      | Gained mutation: You are surrounded by a moderate repulsion
                  | field. (EV +3) [demonic ancestry]
  6206 | D:8      | Reached XP level 10. HP: 58/68 MP: 10/10
  6266 | D:8      | Noticed Maggie
  6283 | D:8      | Killed Maggie
  6789 | D:9      | Found a staircase to the Lair.
  6931 | D:9      | Reached skill level 14 in Axes
  7120 | D:9      | Reached ** piety under Makhleb
  7336 | D:9      | Reached skill level 15 in Axes
  7493 | D:9      | Found a large runed translucent door.
  7493 | D:9      | Found a large runed translucent door.
  7891 | D:9      | Found an opulent altar of Gozag.
  7899 | D:9      | Gained mutation: When hurt, damage is shared between your
                  | health and your magic reserves. [demonic ancestry]
  7899 | D:9      | Reached XP level 11. HP: 75/75 MP: 11/11
  7902 | D:9      | Found a radiant altar of Vehumet.
  7943 | D:10     | Entered Level 10 of the Dungeon
  8090 | D:10     | Reached skill level 1 in Invocations
  8116 | D:10     | Found a stormy altar of Qazlal.
  8151 | D:10     | Found a hide-covered altar of Uskayaw.
  8479 | D:10     | Noticed Sonja
  8484 | D:10     | Killed Sonja
  9025 | Lair:1   | Entered Level 1 of the Lair of Beasts
  9030 | Lair:1   | Reached *** piety under Makhleb
  9075 | Lair:1   | Noticed an oklob plant
  9085 | Lair:1   | Killed an oklob plant
  9456 | Lair:1   | Noticed a boulder beetle
  9457 | Lair:1   | Noticed a boulder beetle
  9473 | Lair:1   | Killed a boulder beetle
  9474 | Lair:1   | Killed a boulder beetle
  9690 | Lair:1   | Found the +3 pair of seven-league boots {Rampage+∞}
  9701 | Lair:1   | Reached skill level 5 in Fighting
  9701 | Lair:1   | Reached skill level 5 in Invocations
 10262 | Lair:2   | Found a staircase to the Swamp.
 10315 | Lair:2   | Gained mutation: Your touch may inflict irresistible damage
                  | on your foes. [demonic ancestry]
 10315 | Lair:2   | Reached XP level 12. HP: 69/86 MP: 13/16
 10366 | Lair:2   | Reached skill level 5 in Armour
 10366 | Lair:2   | Reached skill level 5 in Shields
 10423 | Lair:2   | Found a staircase to the Snake Pit.
 10428 | Lair:2   | Noticed an eight-headed hydra
 10434 | Lair:2   | Killed a 12-headed hydra
 10440 | Lair:2   | Reached skill level 16 in Axes
 10466 | Lair:2   | Reached **** piety under Makhleb
 10705 | Lair:2   | Found a transporter.
 10706 | Lair:2   | You fall into a shaft and drop 2 floors!
 10710 | Lair:4   | Noticed a four-headed hydra
 10725 | Lair:4   | Killed a ten-headed hydra
 10947 | Lair:2   | Noticed a five-headed hydra
 10950 | Lair:2   | Killed a seven-headed hydra
 11011 | Lair:2   | Found a transporter.
 11034 | Lair:2   | Noticed bmj180's ghost (journeyman GrEE)
 11131 | Lair:2   | Found a bloodstained altar of Trog.
 12276 | Lair:4   | Reached XP level 13. HP: 83/96 MP: 17/19
 12612 | Lair:4   | Found a runed translucent door.
 12613 | Lair:4   | Noticed an acid blob
 12614 | Lair:4   | Found a staircase to the Slime Pits.
 12614 | Lair:4   | Noticed an acid blob
 12614 | Lair:4   | Noticed an acid blob
 12800 | Lair:5   | Entered Level 5 of the Lair of Beasts
 12865 | Lair:5   | Reached ***** piety under Makhleb
 12959 | Lair:5   | Reached skill level 10 in Invocations
 13206 | Lair:5   | Slain by a 15-headed hydra

Illustrated notes

Levels and vault maps discovered:
D:1:      doesnt_arrival_eight_statues, layout_basic, basic_ecumenical_altar
D:2:      layout_loops_cross, uniq_crazy_yiuf_cottage
D:3:      layout_rooms, mainiacjoe_overflow_two_lobes, minmay_strange_pillars,
          uniq_terence, uniq_ijyb
D:4:      layout_cave_pools, general_overflow_altar, uniq_natasha, uniq_grinder
D:5:      layout_basic, mainiacjoe_overflow_tiny_flanked,
          minmay_temple_entry_wispy, chequers_serial_rivers_micro_e,
          uniq_eustachio
D:6:      layout_rooms, minmay_door_square, hangedman_abyss_or_decor_stagger,
          nicolae_elemental_shop
D:7:      layout_loops_ring, chequers_temple_overflow_statue_of_worship,
          serial_shops, nicolae_shop_bloodbath_and_beyond,
          nicolae_take_the_stairs, nicolae_shop_advertising_works
          [nicolae_subvault_shop_adworks], shop_fountains,
          nicolae_shop_behind_doors, uniq_joseph
D:8:      layout_basic, uniq_maggie
D:9:      layout_irregular_city, jmf_multi_god_temple2, minmay_lair_entry_grove
D:10:     layout_grid_maze, kennysheep_mini_moat, nicolae_uskayaw_suspiria,
          minivault_14, uniq_sonja
Temple:   nicolae_temple_x_marks_the_god
Lair:1:   layout_regular_city, hellmonk_guarded_unrand_seven_league_boots
Lair:2:   layout_misc_corridors, minmay_swamp_entry_swarm,
          guppyfry_snake_entry_garden, gammafunk_ghost_wrathful_warriors
Lair:3:   layout_cellular_growth, infiniplex_staircase_pool
Lair:4:   layout_misc_corridors, slime_entry_2
Lair:5:   hangedman_lair_caniforms_friends, layout_cave_pods, wormcave,
          infiniplex_staircase_pool_2, lemuel_fruit_fields

Skill      XL: |  1  2  3  4  5  6  7  8  9 10 11 12 13 |
---------------+----------------------------------------+-----
Axes           | 2 3 4 6 7 8 11 13 15 16 | 16.0
Invocations    | 5 8 10 | 10.2
Armour         | 4 6 7 |  7.8
Shields        | 4 6 7 |  7.7
Fighting       | 5 7 8 |  8.5

Action                     |  1- 3 |  4- 6 |  7- 9 | 10-12 | 13-15 || total
---------------------------+-------+-------+-------+-------+-------++-------
  Melee: War axe           |    68 |    84 |   166 |   444 |   168 ||   930
         Touch             |     4 |    18 |    24 |    17 |       ||    63
         Punch             |       |     1 |     3 |     2 |       ||     6
  Evoke: Wand              |       |       |       |     3 |       ||     3
    Use: Potion            |     1 |       |       |       |       ||     1
         Scroll            |       |       |       |    14 |       ||    14
 Armour: Scale mail        |    35 |    29 |    30 |       |       ||    94
         Plate armour      |       |       |    28 |   286 |   189 ||   503
  Dodge: Dodged            |    25 |    30 |    64 |   197 |   102 ||   418
  Block: Buckler           |     5 |       |       |   215 |   139 ||   359
         Other             |       |       |     7 |    21 |       ||    28
         Reflection        |       |       |       |     2 |       ||     2

Table legend: (Time is in decaauts)
 A = Elapsed time spent in this place.
 B = Non-inter-level travel time spent in this place.
 C = Inter-level travel time spent in this place.
 D = Time resting spent in this place.
 E = Time spent auto-exploring this place.
 F = Levels seen in this place.
 G = Mean time per level.
                   A        B        C        D        E       F      G
               +--------+--------+--------+--------+--------+-----+--------+
         Total |  13282 |  12714 |    568 |    913 |   9845 |  16 |  830.1 |
       Dungeon |   9017 |   8524 |    493 |    840 |   6488 |  10 |  901.7 |
        Temple |     32 |     26 |      6 |      0 |     15 |   1 |   32.0 |
          Lair |   4232 |   4163 |     69 |     73 |   3342 |   5 |  846.4 |
               +--------+--------+--------+--------+--------+-----+--------+

Top non-repeatable levels by time:
     D:7: 1142 daAuts
     D:8: 1138 daAuts
  Lair:1: 1118 daAuts
     D:9: 1112 daAuts
  Lair:3: 1089 daAuts
    D:10: 1077 daAuts
  Lair:2: 944 daAuts
     D:2: 928 daAuts
     D:5: 876 daAuts
     D:6: 829 daAuts
     D:3: 786 daAuts
  Lair:4: 662 daAuts
     D:1: 576 daAuts
     D:4: 547 daAuts
  Lair:5: 417 daAuts
